 Dungeon Crawl Stone Soup version 0.29.1-2-gbd0b4ee654 (webtiles) character file.

Game seed: 3260478045750095200

49 GorkyZ the Trooper (level 3, -3/29 HPs)
             Began as a Demonspawn Fighter on Nov 19, 2022.
             Slain by Sigmund
             ... wielding a +0 scythe
              (7 damage)
             ... on level 2 of the Dungeon.
             The game lasted 00:03:23 (1240 turns).

GorkyZ the Trooper (Demonspawn Fighter)             Turns: 1240, Time: 00:03:24

Health: -3/29      AC:  0    Str: 18    XL:     3   Next: 53%
Magic:  3/3        EV: 10    Int:  9    God:
Gold:   30         SH:  8    Dex: 12    Spells: 2/2 levels left

rFire   . . .      SeeInvis .   a - +0 flail
rCold   . . .      Faith    .   c - +0 buckler
rNeg    . . .      Spirit   .   (no body armour)
rPois   .          Reflect  .   (no helmet)
rElec   .          Harm     .   (no cloak)
rCorr   .          Rampage  .   (no gloves)
Will    .....                   (no boots)
Stlth   +.........              (no amulet)
HPRegen 0.09/turn               (no ring)
MPRegen 0.08/turn               (no ring)

@: no status effects
A: powered by death 1, condensation shield
a: no special abilities


You were on level 2 of the Dungeon.
You visited 1 branch of the dungeon, and saw 2 of its levels.

You collected 30 gold pieces.

Inventory:

Hand Weapons
 a - a +0 flail (weapon)
Missiles
 g - 6 javelins (quivered)
Armour
 b - a +0 scale mail
 c - a +0 buckler (worn)
 l - the +1 scale mail of Omission {rC+ rCorr Str+6 Int-3}
   (You found it on level 2 of the Dungeon)

   Str:       It affects your strength (+6).
   Int:       It affects your intelligence (-3).
   rC:        It protects you from cold.
   rCorr:     It protects you from acid and corrosion.
Jewellery
 k - a ring of see invisible
Scrolls
 h - a scroll of teleportation {unknown}
Potions
 d - a potion of might
 e - a potion of flight {unknown}
 f - 4 potions of cancellation {unknown}
 i - a potion of attraction {unknown}
 j - 2 potions of curing {unknown}


   Skills:
 + Level 3.4 Fighting
 + Level 2.2 Maces & Flails
 + Level 0.5 Throwing
 + Level 3.1 Armour
 + Level 3.0 Shields


You had 2 spell levels left.
You didn't know any spells.
Your spell library contained the following spells:

 Spells                   Type           Power      Damage    Failure   Level
 Poisonous Vapours        Pois/Air       0%         N/A       63%         2
 Corpse Rot               Necr/Pois/Air  0%         N/A       99%         4


Dungeon Overview and Level Annotations

Branches:
Dungeon (2/15)

Altars:

Annotations:
D:2 Sigmund


Innate Abilities, Weirdness & Mutations

You regenerate a little health from kills.
A meltable shield of frost defends you. (SH +4)


Message History

There is a stone staircase leading down here.
You start resting.
HP restored.
There is a stone staircase leading down here.
There is a stone staircase leading down here.
You climb downwards.
Level annotation: Sigmund
There is a stone staircase leading up, spattered with blood here.
You block Sigmund's attack.
You hit Sigmund but do no damage. Sigmund hits you with a +0 scythe!
You hit Sigmund.
Sigmund is moderately wounded.
Sigmund barely misses you.
You thump Sigmund!
Sigmund is heavily wounded.
You hit Sigmund but do no damage.
Sigmund is heavily wounded.
Sigmund gestures at you while chanting.
You are confused.
Sigmund closely misses you.
You bump into the rock wall.
You miss Sigmund.
Sigmund is heavily wounded.
Sigmund casts a spell at you. The puff of flame misses you.
Sigmund barely misses you. Sigmund hits you with a +0 scythe!
You hit Sigmund but do no damage.
Sigmund is heavily wounded.
Sigmund completely misses you.
You feel less confused.
You hit Sigmund.
Sigmund is heavily wounded.
Sigmund gestures at you while chanting. The magic dart hits you!
* * * LOW HITPOINT WARNING * * *
You closely miss Sigmund.
Sigmund is heavily wounded.
Sigmund hits you with a +0 scythe!
You die...

..####.. ####...##.#
.......##.# ### .
..........## .$ ..
#......>...# ##.# ...
...........## #..# ...
#......##...####<# .. .
#......##........#.#....
######.........@@.....#
#.###.##..#........ #.#
#.##..##.##.### ..#
#..#...$..# # ..##
##........# ##.
....###.. #. ###### ...
#. ###.


You could see Sigmund.

Vanquished Creatures
  A dart slug (D:1)
  An orc (D:2)
  6 bats (D:1)
  3 endoplasms (D:1)
  A giant cockroach (D:1)
  3 hobgoblins
  10 jackals (D:1)
  2 kobolds
  2 quokkas (D:1)
  3 ball pythons (D:1)
  3 frilled lizards (D:1)
  6 rats
41 creatures vanquished.

Notes
Turn   | Place    | Note
-------+----------+-------------------------------------------
     0 | D:1      | GorkyZ the Demonspawn Fighter began the quest for the Orb.
     0 | D:1      | Reached XP level 1. HP: 18/18 MP: 1/1
   178 | D:1      | Gained mutation: A meltable shield of frost defends you.
                  | (SH +4) [demonic ancestry]
   178 | D:1      | Reached XP level 2. HP: 22/24 MP: 2/2
   474 | D:1      | Gained mutation: You regenerate a little health from kills.
                  | [demonic ancestry]
   474 | D:1      | Reached XP level 3. HP: 29/29 MP: 3/3
   950 | D:2      | Noticed Sigmund
   953 | D:2      | Identified the +1 scale mail of Omission {rC+ rCorr Str+6
                  | Int-3}
  1240 | D:2      | Slain by Sigmund

Illustrated notes

Levels and vault maps discovered:
D:1:      psy_arrival_whirlpool, layout_basic, roderic_lattice_a
D:2:      layout_rooms, hangedman_abyss_or_decor_stabs, roderic_roman_lattice,
          uniq_sigmund, uniq_terence

Skill      XL: |  1  2  3 |
---------------+----------+-----
Maces & Flails | 2 |  2.2
Armour         | 3 |  3.1
Shields        | 3 |  3.0
Fighting       | |  3.4
Throwing       | |  0.5

Action                   || total
-------------------------++-------
Melee: Flail             ||   119
Armor: Scale mail        ||    71
Dodge: Dodged            ||    46
Block: Buckler           ||    60
